Map: Pillars of Gold LE

Players

MileyCyrus - Winner!

  • Race: Terran Terran
  • Spawn Location: 7:00

Heeebster

  • Race: Protoss Protoss
  • League: Diamond
  • Spawn Location: 1:00

VOD

Have the link to the VOD?

Description

Time

  • Played on: Nov. 17, 2020, 12:59 p.m.
  • Length: 17:31
Show
View Real Time Build Order
Export as new Build Order

MileyCyrus Terran - Winner!

Build Orders:  

Get SALT Encoding   

  12  0:02  SCV  
  13  0:14  SCV  
  13  0:17  Supply Depot  
  14  0:26  SCV  
  15  0:39  SCV  
  15  0:41  Barracks  
  16  0:46  Refinery  
  16  0:51  SCV  
  17  1:03  SCV  
  18  1:15  SCV  
  19  1:21  Engineering Bay  
  19  1:27  SCV  
  20  1:36  Reaper  
  20  1:41  Orbital Command  
  20  1:48  Barracks  
  20  2:07  SCV  
  21  2:08  Supply Depot  
  21  2:17  Barracks Reactor  
  21  2:19  SCV  
  22  2:31  SCV  
  23  2:42  Barracks Tech Lab  
  23  2:43  SCV  
  24  2:46  Command Center  
  24  2:53  Marine x2, Barracks  
  24  2:55  SCV  
  27  2:59  Refinery  
  27  3:01  Concussive Shells  
  27  3:03  Marine  
  28  3:07  SCV  
  28  3:10  Supply Depot  
  29  3:13  Marine  
  29  3:15  Marine  
  31  3:32  SCV, Marauder  
  34  3:34  Marine  
  34  3:35  Supply Depot  
  34  3:36  Marine  
  36  3:42  Barracks Tech Lab  
  36  3:45  Stimpack  
  36  3:48  SCV  
  37  3:56  Marauder  
  37  3:57  Marine  
  40  4:03  Orbital Command  
  40  4:10  Combat Shield  
  40  4:11  Marine  
  40  4:15  Marine  
  42  4:17  SCV  
  43  4:24  Marine x2  
  43  4:25  Orbital Command  
  43  4:29  Marine, SCV  
  47  4:33  Engineering Bay  
  47  4:42  SCV  
  47  4:43  Factory  
  48  4:46  Marine x3  
  48  4:48  Marine  
  52  4:56  SCV x2  
  54  5:03  Missile Turret  
  54  5:07  Marine  
  54  5:08  SCV  
  54  5:09  Missile Turret, Marine  
  54  5:10  Marine  
  58  5:15  Marine  
  58  5:18  SCV  
  57  5:25  Marine  
  57  5:27  Marine x2  
  56  5:31  Factory Reactor  
  56  5:33  Marine  
  56  5:36  Starport  
  56  5:38  SCV  
  56  5:39  SCV  
  58  5:44  Marine  
  59  5:50  SCV  
  59  5:54  SCV  
  60  6:02  SCV  
  59  6:06  SCV  
  59  6:10  Marauder x2  
  61  6:15  SCV  
  62  6:20  Marine  
  62  6:23  Marine  
  62  6:25  SCV  
  55  6:29  SCV  
  55  6:31  Marine x2  
  52  6:37  SCV  
  53  6:41  Marine  
  53  6:42  Widow Mine  
  53  6:46  Marine  
  58  6:47  Medivac x2  
  58  6:52  Supply Depot  
  58  6:53  Supply Depot  
  61  6:55  SCV  
  61  6:57  Terran Infantry Weapons Level 1  
  62  7:13  Marine x3, SCV x2  
  62  7:14  Marauder, Missile Turret  
  69  7:19  Medivac x2  
  73  7:25  SCV  
  73  7:27  Widow Mine  
  73  7:29  Factory  
  76  7:30  Bunker  
  76  7:31  SCV, Marine  
  76  7:34  Refinery  
  78  7:41  Supply Depot  
  78  7:42  Supply Depot, Marine x2  
  78  7:43  SCV x2, Marauder  
  84  7:49  Marine  
  85  7:53  Armory  
  85  7:55  SCV  
  86  8:02  Marine x2  
  86  8:03  SCV  
  86  8:04  Marine  
  90  8:06  Marine  
  90  8:08  SCV  
  91  8:20  Marine x2  
  91  8:22  Marine  
  91  8:23  SCV x2  
  91  8:24  Marine  
  88  8:35  SCV  
  88  8:38  Marine x2  
  88  8:39  Marine  
  90  8:42  SCV, Marine  
  90  8:47  SCV  
  93  8:51  Terran Infantry Armor Level 1  
  93  8:56  Marauder, SCV, Marine  
  93  8:58  Marauder  
  93  9:00  Marine, Command Center  
  96  9:05  SCV  
  96  9:08  SCV  
  88  9:14  Marine  
  85  9:17  Marine  
  85  9:18  Widow Mine, SCV  
  85  9:20  SCV, Factory Tech Lab  
  90  9:24  Refinery  
  90  9:26  Marine x2  
  90  9:28  Medivac  
  90  9:30  SCV  
  95  9:31  Marine  
  95  9:32  Supply Depot x2  
  97  9:38  Medivac  
  97  9:40  Drilling Claws  
  97  9:44  Marine  
  100  9:46  SCV  
  101  9:54  Marine, Marauder  
  101  9:55  Widow Mine  
  101  9:58  Medivac  
  107  10:00  Supply Depot, Sensor Tower  
  107  10:02  Supply Depot  
  107  10:04  Marine  
  108  10:07  Marine  
  108  10:11  Supply Depot, Marine, Sensor Tower  
  110  10:18  Marine  
  111  10:22  Widow Mine, Marine  
  111  10:24  Marine  
  115  10:29  Marine  
  115  10:30  Planetary Fortress  
  115  10:31  Missile Turret  
  115  10:32  SCV x2  
  118  10:36  Marine  
  119  10:44  SCV  
  119  10:45  Terran Infantry Weapons Level 2  
  120  10:53  Missile Turret  
  120  10:54  Missile Turret  
  120  10:55  Refinery x2  
  120  10:56  Marine x2  
  122  10:59  Marine  
  122  11:00  Marauder  
  117  11:13  SCV x2  
  117  11:14  SCV  
  109  11:20  Marine  
  109  11:21  Marine x3  
  109  11:25  SCV x2  
  106  11:38  Marine x4  
  107  11:44  Widow Mine x2  
  111  11:49  SCV x3, Barracks  
  111  11:51  Barracks  
  114  11:56  Marine x3  
  114  12:00  Command Center  
  114  12:01  SCV x2, Missile Turret  
  119  12:02  Missile Turret  
  119  12:03  Marine  
  120  12:10  Widow Mine x2  
  120  12:14  SCV, Marine x2, Engineering Bay  
  127  12:16  SCV  
  127  12:17  Marine  
  127  12:21  Marine  
  124  12:25  SCV  
  124  12:28  SCV  
  125  12:30  SCV  
  125  12:32  Marine x2  
  125  12:35  Marine  
  127  12:37  SCV  
  127  12:39  Marine  
  127  12:41  SCV  
  127  12:42  SCV  
  125  12:47  Marine  
  125  12:48  Marine  
  125  12:49  Medivac x2, SCV, Marine  
  125  12:50  Marine  
  128  12:51  Factory Tech Lab  
  128  12:52  Marine  
  128  12:55  SCV x2  
  132  13:01  SCV  
  133  13:07  Marine x4  
  133  13:10  Thor  
  133  13:11  Marauder  
  144  13:12  Thor  
  144  13:19  Medivac, Refinery  
  152  13:28  Marine x5  
  152  13:32  Marine  
  158  13:35  Terran Infantry Armor Level 2, Terran Infantry Weapons Level 3  
  158  13:46  Marine x5  
  162  13:49  Marine  
  162  13:50  SCV  
  162  13:52  SCV  
  163  13:58  SCV  
  145  14:04  Marine x5  
  145  14:07  Thor x2, Marine  
  145  14:08  Viking x2  
  167  14:11  SCV  
  167  14:14  Starport  
  167  14:15  Starport  
  167  14:16  Command Center  
  168  14:18  Planetary Fortress  
  168  14:19  Refinery  
  168  14:20  Missile Turret  
  168  14:21  Missile Turret, Marine  
  168  14:22  Marine x4, Missile Turret  
  168  14:23  Missile Turret  
  173  14:25  Marine  
  124  14:38  Medivac  
  174  14:39  Marine x4  
  174  14:41  Ghost Academy  
  174  14:44  Ghost Academy  
  174  14:45  Ghost Academy  
  179  14:52  Marauder  
  179  14:53  Marauder  
  179  14:54  SCV  
  179  14:57  Marine  
  161  15:01  Marine x3  
  158  15:10  SCV  
  158  15:13  Marine  
  143  15:14  Marine  
  143  15:15  Marine  
  143  15:19  Marine x3  
  144  15:23  Medivac x3  
  144  15:24  Medivac  
  151  15:31  Marine  
  151  15:32  Marine  
  151  15:33  Marine  
  154  15:36  Marine  
  154  15:37  Marine x2  
  154  15:39  Thor x2  
  169  15:49  Marine x2  
  170  15:50  Marine  
  170  15:51  Hi-Sec Auto Tracking  
  170  15:53  Medivac x3, Missile Turret  
  170  15:54  Missile Turret x2, Marine x2  
  170  15:55  Marine  
  181  15:58  Medivac  
  183  16:07  Marine  
  183  16:08  Marine  
  183  16:10  Marine  
  179  16:12  Marine x3  
  174  16:22  Thor x2  
  174  16:23  Medivac x3  
  174  16:24  Marine  
  185  16:26  Marine  
  185  16:27  Marine  
  185  16:30  Marine x3  
  185  16:31  Viking  
  189  16:42  Marine  
  189  16:44  Marine  
  189  16:45  Marine  
  191  16:48  Marine x3  
  191  16:53  Viking  
  195  17:07  Missile Turret  
Show
View Real Time Build Order
Export as new Build Order

Heeebster Protoss 

Build Orders: Oracle Opening, Carriers 

Get SALT Encoding   

  12  0:00  Probe  
  13  0:13  Probe  
  14  0:17  Pylon  
  14  0:26  Probe (Chrono Boost)  
  15  0:38  Probe (Chrono Boost)  
  15  0:39  Gateway  
  16  0:43  Probe (Chrono Boost)  
  16  0:49  Assimilator  
  17  0:52  Probe  
  18  1:04  Probe  
  19  1:16  Probe  
  20  1:29  Zealot (Chrono Boost)  
  20  1:32  Cybernetics Core  
  22  1:35  Pylon  
  22  1:36  Probe  
  23  1:43  Assimilator  
  23  1:53  Probe  
  24  2:06  Probe  
  25  2:09  Nexus  
  25  2:14  Stalker (Chrono Boost)  
  25  2:19  Warp Gate  
  27  2:25  Probe  
  28  2:42  Probe  
  29  2:51  Stargate  
  29  2:52  Pylon  
  29  2:54  Probe  
  30  3:04  Pylon  
  30  3:06  Probe  
  31  3:16  Stargate  
  32  3:21  Probe (Chrono Boost)  
  32  3:22  Probe (Chrono Boost)  
  32  3:24  Pylon  
  33  3:31  Probe (Chrono Boost)  
  33  3:33  Probe (Chrono Boost)  
  35  3:36  Probe (Chrono Boost)  
  35  3:38  Oracle (Chrono Boost)  
  39  3:42  Probe  
  40  3:49  Probe  
  40  3:55  Probe  
  42  3:57  Shield Battery  
  42  4:01  Probe  
  46  4:05  Shield Battery, Oracle (Chrono Boost)  
  46  4:07  Probe  
  47  4:15  Probe  
  48  4:18  Assimilator  
  48  4:19  Probe  
  48  4:20  Assimilator  
  48  4:22  Pylon  
  52  4:24  Oracle (Chrono Boost)  
  52  4:28  Pylon  
  52  4:29  Probe  
  53  4:35  Probe  
  54  4:41  Probe, Void Ray (Chrono Boost)  
  55  4:48  Probe  
  60  4:53  Probe  
  61  5:00  Probe  
  61  5:03  Shield Battery  
  61  5:05  Probe  
  63  5:07  Shield Battery  
  63  5:10  Void Ray (Chrono Boost)  
  63  5:12  Probe, Protoss Air Weapons Level 1 (Chrono Boost)  
  64  5:17  Probe  
  69  5:24  Probe  
  70  5:35  Void Ray (Chrono Boost)  
  74  5:39  Shield Battery, Probe x2  
  74  5:42  Shield Battery  
  76  5:44  Void Ray (Chrono Boost)  
  76  5:45  Pylon  
  59  6:10  Void Ray  
  59  6:27  Probe  
  59  6:28  Probe  
  61  6:37  Shield Battery  
  61  6:38  Shield Battery  
  61  6:39  Pylon, Probe  
  62  6:40  Shield Battery, Void Ray  
  62  6:47  Pylon  
  62  6:54  Zealot  
  64  6:56  Stargate  
  64  7:01  Pylon  
  64  7:16  Probe x2  
  64  7:17  Void Ray (Chrono Boost)  
  64  7:18  Nexus  
  64  7:19  Pylon  
  64  7:21  Assimilator  
  66  7:25  Assimilator  
  66  7:28  Probe  
  66  7:29  Probe  
  72  7:35  Fleet Beacon  
  72  7:37  Pylon  
  72  7:40  Forge  
  72  7:41  Probe  
  73  7:45  Probe  
  73  7:49  Shield Battery  
  73  7:50  Shield Battery  
  74  7:51  Shield Battery, Void Ray  
  74  7:52  Shield Battery  
  74  7:54  Pylon  
  78  8:09  Void Ray (Chrono Boost)  
  74  8:29  Void Ray (Chrono Boost)  
  74  8:33  Void Ray (Chrono Boost)  
  76  8:43  Flux Vanes, Void Ray (Chrono Boost)  
  79  8:56  Zealot  
  81  9:04  Void Ray (Chrono Boost)  
  75  9:15  Probe  
  80  9:18  Void Ray  
  84  9:26  Nexus  
  84  9:29  Pylon  
  84  9:30  Pylon  
  84  9:36  Probe (Chrono Boost)  
  86  9:41  Probe (Chrono Boost)  
  91  9:46  Probe (Chrono Boost)  
  91  9:50  Probe (Chrono Boost)  
  91  9:51  Probe (Chrono Boost)  
  92  9:54  Protoss Air Weapons Level 2 (Chrono Boost)  
  93  10:00  Probe  
  93  10:01  Shield Battery x2  
  93  10:03  Shield Battery  
  93  10:05  Shield Battery, Probe  
  95  10:07  Shield Battery  
  95  10:09  Void Ray (Chrono Boost)  
  95  10:11  Shield Battery  
  95  10:12  Probe  
  96  10:17  Probe  
  103  10:24  Probe  
  103  10:25  Carrier (Chrono Boost)  
  104  10:30  Probe (Chrono Boost)  
  105  10:38  Photon Cannon, Probe (Chrono Boost)  
  105  10:40  Photon Cannon  
  105  10:41  Probe (Chrono Boost)  
  108  10:46  Carrier (Chrono Boost)  
  108  10:47  Probe (Chrono Boost)  
  115  10:51  Probe (Chrono Boost)  
  115  10:53  Probe  
  115  10:56  Stargate  
  116  11:03  Shield Battery  
  101  11:19  Carrier (Chrono Boost)  
  97  11:32  Carrier (Chrono Boost)  
  81  11:42  Probe x2  
  81  11:43  Probe  
  86  11:49  Oracle (Chrono Boost)  
  86  11:50  Pylon  
  86  11:52  Carrier (Chrono Boost)  
  85  11:55  Probe (Chrono Boost)  
  85  11:57  Pylon, Probe (Chrono Boost)  
  85  11:59  Probe (Chrono Boost)  
  90  12:09  Probe (Chrono Boost)  
  90  12:13  Probe (Chrono Boost)  
  90  12:14  Probe (Chrono Boost)  
  91  12:18  Void Ray x2 (Chrono Boost)  
  91  12:19  Probe (Chrono Boost)  
  91  12:21  Probe  
  92  12:23  Void Ray (Chrono Boost)  
  99  12:51  Assimilator  
  99  12:52  Void Ray (Chrono Boost)  
  99  12:54  Pylon  
  99  12:55  Pylon  
  99  12:58  Pylon  
  103  13:08  Probe, Void Ray (Chrono Boost)  
  103  13:09  Probe x2  
  110  13:21  Photon Cannon, Probe  
  110  13:22  Photon Cannon  
  110  13:23  Photon Cannon  
  110  13:25  Shield Battery  
  110  13:26  Shield Battery  
  111  13:29  Shield Battery  
  111  13:31  Shield Battery  
  117  13:50  Carrier (Chrono Boost)  
  117  13:59  Carrier (Chrono Boost)  
  117  14:01  Carrier (Chrono Boost)  
  123  14:11  Stargate  
  123  14:24  Nexus, Robotics Facility  
  123  14:26  Pylon  
  123  14:33  Photon Cannon  
  123  14:35  Probe x2  
  123  14:36  Protoss Air Weapons Level 3 (Chrono Boost)  
  125  14:48  Photon Cannon  
  125  14:51  Photon Cannon  
  121  15:09  Carrier (Chrono Boost), Void Ray (Chrono Boost)  
  109  15:25  Void Ray (Chrono Boost)  
  113  15:36  Void Ray (Chrono Boost)  
  113  15:37  Probe  
  114  15:49  Probe  
  119  15:54  Void Ray  
  119  16:01  Void Ray  
  123  16:06  Observer (Chrono Boost)  
  114  16:22  Void Ray (Chrono Boost)  
  114  16:25  Carrier (Chrono Boost)  
  114  16:35  Shield Battery  
  114  16:36  Shield Battery  
  114  16:37  Void Ray (Chrono Boost)  
  114  16:38  Void Ray (Chrono Boost)  
Tags
 
Composition
Carriers
League
Diamond
Matchup
PvT
Replay Pack
Replays
Spawn Locations
Cross Positions
Add a new tag
Caveats
  • Supply blocks, unpowered buildings, or Contaminate may cause inaccurate times.
  • Supply counts are checked every 10 seconds.